 Dungeon Crawl Stone Soup version 0.29.0-13-gc9e81de378 (webtiles) character file.

Game seed: 7342257563317848580

64 groovy9 the Chopper (level 3, -3/31 HPs)
             Began as a Minotaur Fighter on Sept 9, 2022.
             Killed from afar by an orc wizard (11 damage)
             ... with a puff of flame
             ... on level 3 of the Dungeon.
             The game lasted 00:04:30 (1819 turns).

groovy9 the Chopper (Minotaur Fighter)              Turns: 1819, Time: 00:04:30

Health: -3/31      AC:  6    Str: 22    XL:     3   Next: 91%
Magic:  11/11      EV:  9    Int:  5    God:
Gold:   94         SH:  0    Dex:  9    Spells: 2/2 levels left

rFire   . . .      SeeInvis .   a - +0 war axe
rCold   . . .      Faith    +   c - +0 buckler
rNeg    . . .      Spirit   .   b - +0 scale mail
rPois   .          Reflect  .   (helmet restricted)
rElec   .          Harm     .   (no cloak)
rCorr   .          Rampage  .   (no gloves)
Will    .....                   (no boots)
Stlth   ..........              j - amulet of faith
HPRegen 0.10/turn               l - ring of magical power
MPRegen 0.12/turn               (no ring)

@: confused
A: horns 2, retaliatory headbutt
a: no special abilities


You were on level 3 of the Dungeon.
You visited 1 branch of the dungeon, and saw 3 of its levels.

You collected 94 gold pieces.

Inventory:

Hand Weapons
 a - a +0 war axe (weapon)
Armour
 b - a +0 scale mail (worn)
 c - a +0 buckler (worn)
Jewellery
 j - an amulet of faith (around neck)
 l - a ring of magical power (left hand)
Scrolls
 e - a scroll of amnesia
 f - 5 scrolls of teleportation
 i - a scroll of identify
Potions
 d - 3 potions of might
 g - 4 potions of flight
 k - a potion of magic


   Skills:
 - Level 3.6 Fighting
 + Level 5.2 Axes
 - Level 3.6 Armour
 - Level 3.6 Shields


You had 2 spell levels left.
You didn't know any spells.
Your spell library contained the following spells:

 Spells                   Type           Power      Damage    Failure   Level
 Sandblast                Erth           0%         2d4       88%         1
 Sting                    Tmut/Pois      0%         1d3       88%         1
 Passwall                 Tmut/Erth      0%         N/A       95%         2
 Gell's Gravitas          Tloc           0%         N/A       99%         3
 Stone Arrow              Conj/Erth      0%         3d7       99%         3
 Teleport Other           Tloc           0%         N/A       99%         3
 Dispersal                Tloc           0%         N/A       100%        6


Dungeon Overview and Level Annotations

Branches:
Dungeon (3/15)

Altars:

Shops:
D:2 :


Innate Abilities, Weirdness & Mutations

You have a pair of horns on your head.
You reflexively headbutt those who attack you in melee.


Message History

You closely miss the orc wizard.
The orc wizard is almost dead.
The orc wizard hits you but does no damage.
The orc wizard hits you with a +0 dagger.
* * * LOW HITPOINT WARNING * * *
You barely miss the orc wizard.
The orc wizard is almost dead.
The orc wizard barely misses you.
You barely miss the orc wizard. Your headbutt misses the orc wizard.
The orc wizard is almost dead.
You block the orc wizard's attack.
You closely miss the orc wizard.
The orc wizard is almost dead.
The orc wizard hits you but does no damage.
The orc wizard hits you with a +0 dagger.
* * * LOW HITPOINT WARNING * * *
You feel better.
The orc wizard gestures wildly while chanting.
The orc wizard flickers and vanishes!
Deactivating autopickup; reactivate with Ctrl-A.
You barely miss something. Your headbutt misses something.
Something hits you but does no damage.
You miss something. Your headbutt misses something. Something hits you.
You miss something. You headbutt something.
You hear some strange, mumbled words.
A magic dart appears from out of thin air!
The magic dart hits you!
* * * LOW HITPOINT WARNING * * *
You closely miss something.
You hear some strange, mumbled words.
You are confused.
Something hits you but does no damage.
You miss something.
You hear some strange, mumbled words.
You are more confused.
You barely miss something.
You hear some strange, mumbled words.
A puff of flame appears from out of thin air!
The puff of flame hits you!
You die...

#.......###
#...#.#.#
#...(....#######..
.................#
....####.#.######
.##. #.#.# . ..#.#
####.## #.@.#
#.{.# #...# #†..#
#.....)).....#
...............
##.............
...####...####. ##
#...#


There were no monsters in sight!

Vanquished Creatures
  2 adders
  4 dart slugs
  2 orcs (D:3)
  5 bats
  3 endoplasms
  A giant cockroach (D:1)
  A goblin (D:2)
  3 hobgoblins
  2 jackals (D:2)
  3 quokkas
  5 ball pythons
  2 kobolds
  A rat (D:1)
34 creatures vanquished.

Notes
Turn   | Place    | Note
-------+----------+-------------------------------------------
     0 | D:1      | groovy9 the Minotaur Fighter began the quest for the Orb.
     0 | D:1      | Reached XP level 1. HP: 19/19 MP: 0/0
   219 | D:1      | Reached skill level 3 in Axes
   402 | D:1      | Found a faded altar of an unknown god.
   406 | D:1      | Reached XP level 2. HP: 25/26 MP: 1/1
   423 | D:1      | Got Plato's Textbook on Metamorphosis
   952 | D:2      | Reached skill level 4 in Axes
  1076 | D:2      | Reached XP level 3. HP: 26/31 MP: 2/2
  1218 | D:2      | Found Fipiug Luyxe's Book Shoppe.
  1626 | D:3      | Reached skill level 5 in Axes
  1819 | D:3      | Killed from afar by an orc wizard

Illustrated notes

Levels and vault maps discovered:
D:1:      amcnicky_arrival_blooded_trapdoor, layout_basic,
          shapermc_ecumenical_altar_rom_forum
D:2:      layout_loops_ring, serial_shops, shop,
          nicolae_concentric_dashed_squares_mild, minmay_fractal_squares_5
D:3:      layout_loops_cross, gammafunk_temple_overflow_statue,
          ebering_ghost_sewer_f

Skill      XL: |  1  2  3 |
---------------+----------+-----
Axes           | 3 4 5 |  5.2
Fighting       | |  3.6
Armour         | |  3.6
Shields        | |  3.6

Action                   || total
-------------------------++-------
Melee: War axe           ||   101
       Headbutt          ||    11
  Use: Scroll            ||     5
       Potion            ||     3
Armor: Scale mail        ||    52
Dodge: Dodged            ||    40
Block: Buckler           ||    24
